 Dungeon Crawl Stone Soup version 0.21-a0-94-gdd6ab6a (webtiles) character file.

188019 MackTheKnife the Carver (level 18, 0/140 HPs)
             Began as a Gnoll Berserker on July 2, 2017.
             Was an Elder of Trog.
             Shot with an arrow by a deep elf master archer (25 damage)
             ... on level 3 of the Elven Halls on July 3, 2017.
             The game lasted 01:22:14 (32862 turns).

MackTheKnife the Carver (Gnoll Berserker)          Turns: 32862, Time: 01:22:14

Health: 0/140      AC: 16    Str: 23    XL:     18   Next: 53%
Magic:  25/25      EV: 18    Int:  9    God:    Trog [****..]
Gold:   326        SH: 18    Dex: 18    Spells: 17/17 levels left

rFire    + + +     SeeInvis +   a - +8 falchion (distort) {!w}
rCold    + + .     Gourm    .   H - +5 shield of Uskayaw's Pride {SInv}
rNeg     + + .     Faith    .   T - +5 ring mail {rC+}
rPois    +         Spirit   .   i - -2 hat of the Alchemist {rElec rPois rF+ rC+ rN+ MR+ rMut rCorr}
rElec    +         Reflect  .   E - +0 cloak
rCorr    +         Harm     .   M - +0 pair of gloves of the Merchant {rF+ Str+4}
rMut     +         Clarity  +   n - +2 pair of boots
MR       ++++.                  U - necklace of Bloodlust {*Rage +Rage MR++ Int-3 Slay+6 *Curse}
Stlth    ++++......             F - ring of Reimbursement {+Blink +Fly rPois rN+ Int+4}
HPRegen  0.33/turn              W - ring of the Genius {*Drain rF+++ MR+}
MPRegen  0.19/turn

@: berserk cooldown, slowed, very slow
A: short attention span, fangs 1, clarity, evolution 2, strong nose
a: Berserk, Trog's Hand, Brothers in Arms, Burn Spellbooks, Renounce Religion,
Evoke Blink, Evoke Berserk Rage, Evoke Flight


You were on level 3 of the Elven Halls.
You worshipped Trog.
Trog was greatly pleased with you.
You were very hungry.

You visited 5 branches of the dungeon, and saw 27 of its levels.
You also visited: Labyrinth and Wizlab.

You collected 2960 gold pieces.
You spent 2634 gold pieces at shops.

Inventory:

Hand Weapons
 a - a +8 falchion of distortion (weapon) {!w}
   (You found it on level 2 of the Dungeon)
 R - a +2 quick blade of draining
   (You subdued it on level 2 of the Elven Halls)
 Z - a +2 antimagic double sword
   (Trog gifted it to you on level 4 of the Lair of Beasts)
Armour
 i - the -2 hat of the Alchemist (worn) {rElec rPois rF+ rC+ rN+ MR+ rMut rCorr}
   (You found it in a wizard's laboratory)

   It protects you from fire.
   It protects you from cold.
   It insulates you from electricity.
   It protects you from poison.
   It protects you from negative energy.
   It affects your resistance to hostile enchantments.
   It protects you from acid and corrosion.
   It protects you from mutation.
 n - a +2 pair of boots (worn)
   (You bought it in a shop on level 2 of the Orcish Mines)
 E - a +0 cloak (worn)
   (You found it on level 8 of the Dungeon)
 H - the +5 shield of Uskayaw's Pride (worn) {SInv}
   (You acquired it on level 12 of the Dungeon)

   It lets you see invisible.
 M - the +0 pair of gloves of the Merchant (worn) {rF+ Str+4}
   (You bought it in a shop on level 13 of the Dungeon)

   It affects your strength (+4).
   It protects you from fire.
 T - a +5 ring mail of cold resistance (worn)
   (You bought it in a shop on level 11 of the Dungeon)
Jewellery
 F - the ring of Reimbursement (left hand) {+Blink +Fly rPois rN+ Int+4}
   (You bought it in a shop on level 2 of the Orcish Mines)

   [ring of flight]

   It affects your intelligence (+4).
   It protects you from poison.
   It protects you from negative energy.
   It lets you fly.
   It lets you blink.
 U - the necklace of Bloodlust (around neck) {*Rage +Rage MR++ Int-3 Slay+6 *Curse}
   (You found it in a labyrinth)

   [amulet of rage]

   It affects your intelligence (-3).
   It affects your accuracy and damage with ranged weapons and melee attacks
   (+6).
   It affects your resistance to hostile enchantments.
   It lets you go berserk.
   It may make you go berserk in combat.
   It curses itself when equipped.
 W - the ring of the Genius (right hand) {*Drain rF+++ MR+}
   (You found it in a labyrinth)

   [ring of protection from magic]

   It renders you almost immune to fire.
   It affects your resistance to hostile enchantments.
   It causes draining when unequipped.
Wands
 k - a wand of lightning (4/15)
   (You found it on level 5 of the Dungeon)
 u - a wand of digging (9/24)
   (You bought it in a shop on level 2 of the Orcish Mines)
 v - a wand of clouds (4/9)
   (You found it on level 4 of the Dungeon)
 x - a wand of paralysis (11/24)
   (You found it on level 1 of the Elven Halls)
 J - a wand of disintegration (14/24)
   (You found it on level 12 of the Dungeon)
 Q - a wand of paralysis (15/24)
   (You took it off a naga on level 1 of the Snake Pit)
 X - a wand of acid (4/15)
   (You found it on level 6 of the Lair of Beasts)
Scrolls
 d - 13 scrolls of remove curse
 f - 2 scrolls of fear
 h - 2 scrolls of magic mapping {!r}
 l - 5 scrolls of blinking {!r}
 q - a scroll of silence
 A - a scroll of enchant armour
 B - a scroll of holy word {!r}
 G - 6 scrolls of summoning
 K - a scroll of recharging
 Y - 13 scrolls of teleportation
Potions
 c - a potion of ambrosia {unknown}
 e - 14 potions of curing
 g - 14 potions of mutation {!q}
 j - 6 potions of heal wounds
 p - 4 potions of agility
 r - 4 potions of lignification {!q}
 s - 2 potions of resistance
 t - 5 potions of flight
 D - a potion of might
 L - 2 potions of berserk rage {!q}
 N - 3 potions of invisibility
 O - 2 potions of haste
Miscellaneous
 b - a box of beasts
 m - a lamp of fire
   (You found it on level 11 of the Dungeon)
 P - a sack of spiders
Comestibles
 o - 22 fruits
 w - a meat ration {@e2}
 z - a chunk of flesh {@w0}
 C - 4 royal jellies


   Skills:
 - Level 12.1 Fighting
 - Level 5.1(11.2) Short Blades
 - Level 13.0 Long Blades
   Level 6.1 Maces & Flails
 - Level 10.2 Armour
 + Level 10.6 Dodging
 - Level 10.0 Stealth
 - Level 10.2 Shields
 - Level 10.0 Evocations


You had 17 spell levels left.
You didn't know any spells.

Dungeon Overview and Level Annotations

Branches:
Dungeon (15/15)            Temple (0/1) D:6            Lair (6/6) D:10
 Shoals (0/4) Lair:2        Snake (1/4) Lair:2        Slime (0/5) Lair:5
    Orc (2/2) D:11            Elf (3/3) Orc:2        Vaults (0/5) D:14
 Depths (0/5) D:15

Altars:
Gozag
Qazlal
Beogh
Jiyva

Shops:
D:4 *   D:6 %   D:7 *=   D:11 [(   D:13 [   D:14 (   Orc:2 !*=:}   Elf:1 :
Elf:2 [   Snake:1 (

Annotations:
D:12 Nessos
D:15 Roxanne
Elf:2 Agnes
Abyss:1 Sonja


Innate Abilities, Weirdness & Mutations

You have a short attention span.
You have very sharp teeth.
Your uncanny sense of smell can sniff out nearby items.
You possess an exceptional clarity of mind.
You rapidly evolve.


Message History

The deep elf sorcerer gestures at you while chanting.
You resist with almost no effort.
The deep elf high priest invokes the aid of its god against you.
Something smites you!
The deep elf death mage beckons forth a restless soul!
The deep elf sorcerer misses you.
You now have 196/210 hp.
You completely miss the deep elf sorcerer.
You slash the deep elf sorcerer!
The deep elf sorcerer disappears!
The deep elf high priest invokes the aid of its god against you.
The sphere of damnation explodes!
The damnation engulfs you!
You hear a shout! x5
A deep elf master archer comes into view.
You take 32 damage, and have 165/210 hp.
A deep elf sorcerer and a deep elf elementalist come into view.
The deep elf sorcerer shouts!
The deep elf elementalist shouts!
You block the deep elf high priest's attack.
There is an open door, spattered with blood here.
You slash the deep elf high priest!
The deep elf high priest looks slightly unstable.
Your skin stops crawling.
You feel less resistant to hostile enchantments.
You slash the deep elf death mage!
The deep elf death mage disappears!
You completely miss the deep elf high priest.
You block the deep elf high priest's attack.
The deep elf high priest unwields an uncursed long sword.
The deep elf high priest wields a shortbow.
The deep elf high priest shoots an arrow.
You block the arrow.
You slash the deep elf high priest!
The deep elf high priest looks slightly unstable.
The deep elf elementalist casts a spell.
The deep elf elementalist seems to speed up.
You closely miss the deep elf high priest.
You block the deep elf high priest's attack.
You slice the deep elf high priest!!
Space bends around the deep elf high priest.
The deep elf master archer wields a longbow.
The deep elf master archer shoots an arrow.
The arrow hits you!!
You take 28 damage, and have 138/210 hp.
You slice the deep elf high priest!!
The deep elf high priest disappears! x2
The deep elf master archer shoots an arrow.
The arrow hits you!!!
You see here an arrow.
You take 45 damage, and have 93/210 hp.
MASSIVE DAMAGE!!
You slash the deep elf elementalist!
Space bends around the deep elf elementalist.
The deep elf sorcerer seems less brilliant.
The deep elf elementalist seems less brilliant.
The deep elf master archer shoots an arrow.
You block the arrow.
You slash the deep elf elementalist!
Space bends around the deep elf elementalist.
You block the deep elf elementalist's attack.
A deep elf demonologist comes into view.
It is wielding a long sword.
The deep elf demonologist shouts!
You slice the deep elf elementalist!!
You kill the deep elf elementalist!
Trog accepts your kill.
Trog appreciates your killing of a magic user.
The deep elf master archer shoots an arrow.
The arrow barely misses you.
You closely miss the deep elf sorcerer. You bite the deep elf sorcerer!
The deep elf master archer shoots an arrow.
The arrow hits you!
You take 9 damage, and have 85/210 hp.
You slice the deep elf sorcerer!! You bite the deep elf sorcerer!
The deep elf sorcerer blinks!
You are feeling very hungry.
You closely miss the deep elf master archer.
The deep elf master archer shoots an arrow.
You block the arrow.
You closely miss the deep elf master archer.
The deep elf demonologist casts a spell.
The deep elf master archer shoots an arrow.
The arrow hits you!!
* * * LOW HITPOINT WARNING * * *
A deep elf sorcerer and a deep elf elementalist come into view.
You take 27 damage, and have 58/210 hp.
The deep elf sorcerer gestures at you while chanting.
The bolt of acid misses you.
The deep elf master archer shoots an arrow.
You block the arrow.
There is an open door, spattered with blood here.
You see here 3 arrows.
Unknown command.
You feel a strong urge to attack something.
You are no longer berserk.
You are exhausted.
You feel yourself slow down.
The deep elf sorcerer gestures at you while chanting.
The bolt of acid hits you! You resist.
* * * LOW HITPOINT WARNING * * *
You are splashed with acid!
The acid burns!
You resist.
* * * LOW HITPOINT WARNING * * *
The deep elf master archer shoots an arrow.
The arrow hits you!!
You die...

.#* ##.....#,,,..# .*
#.....#,##'## ,**
##.....###...## ,,**
##......##.....##
,,,**#.......')......#
,,,.........##e..e...#**
,,.........###..e2...#∆*
,,.........# ##.....##∆*
,,.........# ##@..##∆∆*
,,.......#######(###∆∆∆*
***#######.....e(#*∆∆∆∆*
,,* *,,.......).#**∆∆*
,,* *,,.......(...*∆∆*
,,** **,,...........+*∆*
,,,***,,,............#**
,,,,*,,,,...###.......#
,,,,+,,,,..#* ##......#


You could see a hell beast, a deep elf master archer, 2 deep elf sorcerers and a
deep elf demonologist.

Vanquished Creatures
  2 deep elf blademasters
  Gastronok (D:11)
  Louise (Elf:2)
  A deep elf sorcerer (Elf:3)
  2 very ugly things (WizLab)
  A deep elf elementalist (Elf:3)
  3 deep elf annihilators (Elf:3)
  3 deep elf demonologists
  Azrael (D:15)
  Snorg (D:11)
  A deep elf death mage (Elf:3)
  A deep elf high priest (Elf:3)
  A great orb of eyes (D:12)
  Josephine (D:12)
  Fannar (Lair:1)
  Erolcha (D:10)
  A naga warrior (Snake:1)
  9 hydras
  7 two-headed ogres
  A centaur warrior (D:14)
  22 dancing weapons
  Erica (D:9)
  An ogre mage (Orc:2)
  A death knight (D:13)
  An orc high priest (Elf:1)
  A tengu warrior (D:15)
  4 naga sharpshooters (Snake:1)
  3 deep elf knights
  A shock serpent (Snake:1)
  A fire crab (shapeshifter) (WizLab)
  4 hell knights (D:12)
  3 skeletal warriors (D:13)
  3 large abominations (WizLab)
  A glowing orange brain (shapeshifter) (WizLab)
  An unseen horror (shapeshifter) (WizLab)
  2 unseen horrors
  2 phantasmal warriors (D:13)
  5 deep elf archers
  2 orc knights (Orc:2)
  A wizard (D:12)
  A mana viper (Snake:1)
  Pikel (D:4)
  An oklob plant (Lair:2)
  3 lindwurms (Lair:3)
  A necromancer (D:15)
  2 orc sorcerers
  42 deep elf magi
  8 ugly things
  A shining eye (D:12)
  3 cyclopes
  2 manticores
  8 black mambas
  2 centaur zombies
  2 elephants (Lair:6)
  Joseph (D:10)
  A guardian serpent (Snake:1)
  2 naga magi
  The ghost of casual the Ducker, a novice DsWn of Cheibriados (D:6)
  A torpor snail (Lair:2)
  7 komodo dragons
  16 spiny frogs
  2 rime drakes
  A rime drake (shapeshifter) (WizLab)
  2 tengu conjurers
  A jumping spider (shapeshifter) (WizLab)
  A polar bear (shapeshifter) (D:15)
  3 tyrant leeches (Lair:6)
  10 trolls
  A wolf spider simulacrum (D:15)
  A queen bee (shapeshifter) (WizLab)
  A polar bear (Lair:6)
  2 hornets
  8 meliai
  Grinder (D:3)
  A hornet (shapeshifter) (WizLab)
  9 hippogriffs
  A raiju (shapeshifter) (WizLab)
  8 slime creatures
  A blink frog (shapeshifter) (WizLab)
  15 blink frogs
  6 dream sheep (Lair:5)
  4 small abominations (WizLab)
  2 shadows (D:12)
  2 water elementals
  An air elemental (Elf:2)
  A hog (shapeshifter) (WizLab)
  8 wraiths
  2 wyverns
  3 basilisks
  A wyvern (shapeshifter) (WizLab)
  57 yaks
  2 fire elementals (D:15)
  2 golden eyes (shapeshifter) (WizLab)
  A basilisk (shapeshifter) (WizLab)
  A human (shapeshifter) (WizLab)
  4 vampire mosquitoes
  2 hungry ghosts
  A steam dragon (D:8)
  Menkaure (D:5)
  4 nagas
  A warg (Orc:2)
  A soldier ant (D:12)
  A naga (shapeshifter) (WizLab)
  8 water moccasins
  3 floating eyes (WizLab)
  8 hell hounds
  A water moccasin (shapeshifter) (WizLab)
  8 porcupines
  2 hornet zombies
  3 necrophages
  An eye of draining (D:12)
  33 orc warriors
  3 sky beasts
  A sky beast (shapeshifter) (WizLab)
  6 ice beasts
  A tengu (shapeshifter) (WizLab)
  3 boggarts (D:15)
  13 ogres
  9 wolves
  18 centaurs
  15 crocodiles
  Blork the orc (D:5)
  A big kobold (shapeshifter) (WizLab)
  28 bullfrogs
  A wyvern skeleton (D:14)
  2 earth elementals (Elf:1)
  A gnoll sergeant (D:9)
  A water moccasin skeleton (D:5)
  3 scorpions
  4 killer bees (D:13)
  14 wights
  An electric eel (D:10)
  9 howler monkeys
  7 crimson imps
  A bullfrog zombie (D:5)
  3 hounds
  A wyvern simulacrum (D:10)
  3 bullfrog skeletons
  5 jellies
  5 orc priests
  28 orc wizards
  4 iguanas
  5 centaur skeletons
  11 worker ants
  A bullfrog simulacrum (D:10)
  2 hound skeletons
  A killer bee simulacrum (D:10)
  A howler monkey zombie (D:5)
  2 worker ant zombies
  13 gnolls
  8 adders
  A howler monkey skeleton (D:7)
  9 shadow imps
  An ooze (D:1)
  An ufetubus (D:10)
  2 adder skeletons
  2 worms (D:2)
  4 leopard geckos
  69 orcs
  4 giant cockroaches
  7 goblins
  5 hobgoblins
  3 jackals (D:8)
  6 quokkas
  A ball python (D:1)
  A bat (D:1)
  5 frilled lizards
  A jackal skeleton (D:8)
  6 kobolds
  A leopard gecko skeleton (D:6)
  A quokka skeleton (D:4)
  A quokka zombie (D:5)
  8 rats
  3 plants
828 creatures vanquished.

Vanquished Creatures (collateral kills)
  A very ugly thing (WizLab)
  A minotaur (Lab)
  A hydra (Lair:6)
  An iron golem (WizLab)
  A deep elf knight (Elf:2)
  A deep elf mage (Elf:1)
  An ugly thing (WizLab)
  A shining eye (shapeshifter) (WizLab)
  2 elephants (Lair:6)
  A black mamba (Lair:6)
  5 spiny frogs (Lair:6)
  3 blink frogs (Lair:6)
  6 yaks (Lair:6)
  3 vampire mosquitoes (Lair:6)
  An orc warrior (Orc:2)
  2 wolves (Lair:6)
  2 small abominations (WizLab)
  A crocodile (Lair:6)
  6 bullfrogs (Lair:6)
  An orc priest (Orc:2)
  An orc wizard (Orc:2)
  4 orcs (Orc:2)
  2 plants (Lair:6)
48 creatures vanquished.

Vanquished Creatures (others)
  A deep elf elementalist (Elf:3)
  2 hydras
  A centaur warrior (D:13)
  A dancing weapon (Elf:2)
  A two-headed ogre (D:13)
  A deep elf knight (Elf:2)
  A shock serpent (Snake:1)
  A wizard (D:12)
  2 skeletal warriors (D:13)
  A necromancer (D:12)
  An orc sorcerer (D:15)
  A manticore (D:13)
  2 cyclopes
  7 deep elf magi
  An elephant (Lair:6)
  A naga mage (Snake:1)
  A torpor snail (Lair:5)
  2 rust devils (D:12)
  A gargoyle (D:11)
  3 centaur skeletons
  A komodo dragon (Lair:4)
  2 spiny frogs
  A troll (D:14)
  A yaktaur (shapeshifter) (WizLab)
  A dream sheep (Lair:5)
  A large abomination (WizLab)
  A spriggan (shapeshifter) (WizLab)
  8 yaks
  2 nagas (Snake:1)
  A hell hound (D:12)
  A floating eye (WizLab)
  An ice beast (D:10)
  3 orc warriors
  A sky beast (shapeshifter) (WizLab)
  An ogre (D:9)
  A phantom (D:13)
  A boggart (D:15)
  A centaur (Lair:2)
  An eye of draining (D:11)
  A gnoll sergeant (D:8)
  2 wights
  A killer bee (D:13)
  An electric eel (shapeshifter) (WizLab)
  2 howler monkeys (D:6)
  A crimson imp (D:14)
  An orc priest (Orc:1)
  2 iguanas
  3 worker ants
  2 orcs
  A giant cockroach (D:4)
  30 fungi
  28 plants
137 creatures vanquished.

Grand Total: 1013 creatures vanquished

Notes
Turn   | Place    | Note
-------+----------+-------------------------------------------
     0 | D:1      | MackTheKnife the Gnoll Berserker began the quest for the Orb.
     0 | D:1      | Reached XP level 1. HP: 20/20 MP: 1/1
   113 | D:1      | Reached skill level 5 in Maces & Flails
   365 | D:1      | Reached skill level 5 in Fighting
   579 | D:1      | Reached XP level 2. HP: 12/27 MP: 2/2
   952 | D:2      | Reached skill level 6 in Fighting
   952 | D:2      | Reached XP level 3. HP: 34/34 MP: 3/3
   993 | D:2      | Reached skill level 6 in Maces & Flails
  1292 | D:2      | Reached ** piety under Trog
  1385 | D:2      | Reached XP level 4. HP: 41/41 MP: 4/4
  1568 | D:3      | Reached skill level 1 in Long Blades
  1613 | D:3      | Reached skill level 2 in Long Blades
  1792 | D:3      | Reached XP level 5. HP: 47/47 MP: 5/5
  1823 | D:3      | Reached skill level 3 in Long Blades
  1909 | D:3      | Noticed Grinder
  1910 | D:3      | Paralysed by Grinder for 5 turns
  1919 | D:3      | Killed Grinder
  1919 | D:3      | Reached skill level 7 in Long Blades
  1919 | D:3      | Reached XP level 6. HP: 53/53 MP: 6/6
  2360 | D:4      | Found Gyts's Assorted Antiques.
  2457 | D:4      | Noticed Pikel
  2458 | D:4      | Noticed a slave
  2460 | D:4      | Noticed a slave
  2464 | D:4      | Noticed a slave
  2466 | D:4      | Killed Pikel
  2466 | D:4      | Reached skill level 9 in Long Blades
  2466 | D:4      | Reached XP level 7. HP: 59/59 MP: 7/7
  2475 | D:4      | Reached XP level 8. HP: 55/65 MP: 8/8
  2787 | D:4      | Got a faintly glowing leather armour
  3021 | D:5      | Entered Level 5 of the Dungeon
  3052 | D:5      | Noticed Menkaure
  3350 | D:5      | Reached skill level 7 in Fighting
  3350 | D:5      | Reached skill level 4 in Armour
  3350 | D:5      | Reached skill level 4 in Dodging
  3362 | D:5      | Killed Menkaure
  3391 | D:5      | Reached skill level 5 in Armour
  3391 | D:5      | Reached skill level 5 in Dodging
  3410 | D:5      | Noticed Blork the orc
  3459 | D:5      | Killed Blork the orc
  3574 | D:5      | Identified the +1 leather armour of Duck's Teeth {*Contam Str+9 Int+5} (You found it on level 4 of the Dungeon)
  3926 | D:6      | Reached skill level 6 in Armour
  3926 | D:6      | Reached skill level 6 in Dodging
  3926 | D:6      | Reached XP level 9. HP: 74/74 MP: 9/9
  3963 | D:6      | Reached skill level 8 in Fighting
  4206 | D:6      | Noticed casual's ghost (novice DsWn)
  4214 | D:6      | Killed casual's ghost
  4214 | D:6      | Reached skill level 7 in Armour
  4214 | D:6      | Reached skill level 7 in Dodging
  4251 | D:6      | Found Jeafruph's Food Shoppe.
  4432 | D:6      | Found a staircase to the Ecumenical Temple.
  4686 | D:6      | Got a slimy hunting sling
  4935 | D:7      | Found Pesa's Jewellery Boutique.
  5084 | D:7      | Reached *** piety under Trog
  5172 | D:7      | Found Gozag's Platinum Reserve.
  5234 | D:7      | Found an opulent altar of Gozag.
  5573 | D:8      | Reached skill level 1 in Stealth
  5573 | D:8      | Reached skill level 1 in Evocations
  5574 | D:8      | Reached skill level 2 in Stealth
  5574 | D:8      | Reached skill level 2 in Evocations
  5575 | D:8      | Reached skill level 3 in Evocations
  5634 | D:8      | Reached skill level 3 in Stealth
  5669 | D:8      | Reached skill level 4 in Evocations
  5740 | D:8      | Reached skill level 4 in Stealth
  5754 | D:8      | Reached skill level 5 in Evocations
  5754 | D:8      | Reached XP level 10. HP: 61/82 MP: 13/13
  5875 | D:8      | Reached skill level 5 in Stealth
  5945 | D:8      | Reached skill level 6 in Evocations
  6136 | D:9      | Noticed a two-headed ogre
  6146 | D:9      | Killed a two-headed ogre
  6146 | D:9      | Reached **** piety under Trog
  6146 | D:9      | Reached skill level 7 in Stealth
  6146 | D:9      | Reached skill level 7 in Evocations
  6573 | D:9      | Reached skill level 2 in Shields
  6575 | D:9      | Reached skill level 3 in Shields
  6714 | D:9      | Reached skill level 4 in Shields
  6795 | D:9      | Reached skill level 5 in Shields
  7084 | D:9      | Reached skill level 6 in Shields
  7182 | D:10     | Entered Level 10 of the Dungeon
  7183 | D:10     | Noticed Erica
  7186 | D:10     | Noticed Erolcha
  7354 | D:10     | Found a staircase to the Lair.
  7354 | D:10     | Noticed Joseph
  7597 | D:9      | Killed Erica
  7597 | D:9      | Reached skill level 7 in Shields
  7685 | D:10     | Reached XP level 11. HP: 86/87 MP: 16/16
  7699 | D:10     | Killed Joseph
  7699 | D:10     | Reached skill level 8 in Shields
  7755 | D:10     | Killed Erolcha
  7755 | D:10     | Reached skill level 9 in Shields
  8579 | D:11     | Found Wadeh's Armour Shop.
  8581 | D:11     | Found a staircase to the Orcish Mines.
  8583 | D:11     | Found Wiykkexeh's Weapon Shop.
  8772 | D:11     | Bought a +0 pair of boots for 76 gold pieces
  9073 | D:11     | Noticed Snorg
  9081 | D:11     | Killed Snorg
  9081 | D:11     | Reached skill level 10 in Shields
  9322 | D:11     | Noticed a brown ugly thing
  9333 | D:11     | Killed a brown ugly thing
  9333 | D:11     | Reached skill level 9 in Fighting
  9372 | D:11     | Noticed Sonja
  9383 | D:11     | Banished Sonja
  9502 | D:11     | Noticed Gastronok
  9621 | D:11     | Killed Gastronok
  9621 | D:11     | Reached XP level 12. HP: 97/97 MP: 17/17
  9737 | D:12     | Noticed a two-headed ogre
  9742 | D:12     | Reached skill level 10 in Fighting
  9744 | D:12     | Killed a two-headed ogre
  9956 | D:12     | Noticed Josephine
  9965 | D:12     | Killed Josephine
 10058 | D:12     | Identified a scroll of acquirement
 10066 | D:12     | Got a transparent shield
 10077 | D:12     | Identified the +5 shield of Uskayaw's Pride {SInv} (You acquired it on level 12 of the Dungeon)
 10981 | D:12     | Found a runed door.
 10996 | D:12     | Reached ***** piety under Trog
 11048 | D:12     | Reached skill level 10 in Long Blades
 11165 | D:12     | Noticed Nessos
 11288 | D:12     | HP: 20/99 [hell knight/bolt of fire (44)]
 11289 | D:12     | HP: 6/99 [hell knight/nerve-wracking pain (14)]
 11718 | D:12     | Noticed a great orb of eyes
 11718 | D:12     | Noticed a hell knight
 11718 | D:12     | Noticed a hell knight
 11728 | D:12     | Reached skill level 11 in Fighting
 11732 | D:12     | Killed a hell knight
 11737 | D:12     | Killed a great orb of eyes
 11737 | D:12     | Reached XP level 13. HP: 58/106 MP: 18/18
 12554 | D:12     | Got a flickering garnet amulet
 12555 | D:12     | Identified the amulet of Rovvofre {RegenMP rElec rPois rF- MR+} (You found it on level 12 of the Dungeon)
 12910 | D:13     | Found Dico's Armour Shoppe.
 12919 | D:13     | Bought the +0 pair of gloves of the Merchant {rF+ Str+4} for 376 gold pieces
 12961 | D:13     | Found a labyrinth entrance.
 12970 | Lab      | Entered a labyrinth
 13185 | Lab      | Noticed a minotaur
 13189 | Lab      | Killed a minotaur
 13201 | Lab      | Got a crude glass ring
 13201 | Lab      | Got a twitching ivory ring
 13209 | Lab      | Identified the ring "Zyusmos" {Fire rElec Dex+4} (You found it in a labyrinth)
 13211 | Lab      | Identified the ring of the Genius {*Drain rF+++ MR+} (You found it in a labyrinth)
 13509 | D:13     | Reached skill level 11 in Long Blades
 14384 | D:13     | HP: 19/106 [meliai/divine providence (14)]
 14649 | D:13     | Reached XP level 14. HP: 86/113 MP: 19/19
 14984 | D:14     | Found a gate to the Vaults.
 15362 | D:14     | Reached skill level 12 in Long Blades
 15693 | D:14     | Found Taadde Coum's Weapon Boutique.
 15999 | D:14     | Reached skill level 8 in Dodging
 16270 | Lair:1   | Entered Level 1 of the Lair of Beasts
 16310 | Lair:1   | Reached skill level 8 in Armour
 16416 | Lair:1   | Noticed Fannar
 16431 | Lair:1   | Killed Fannar
 17249 | Lair:2   | Received a gift from Trog
 17267 | Lair:2   | Found a staircase to the Shoals.
 17345 | Lair:2   | Reached skill level 9 in Armour
 17402 | Lair:2   | Reached skill level 9 in Dodging
 17402 | Lair:2   | Reached XP level 15. HP: 119/119 MP: 20/20
 17538 | Lair:2   | Found a staircase to the Snake Pit.
 18275 | Lair:3   | Got a pitted battleaxe
 18478 | Lair:3   | Reached skill level 10 in Armour
 18506 | Lair:4   | Reached skill level 10 in Dodging
 18515 | Lair:4   | Received a gift from Trog
 19652 | Lair:5   | Found a viscous altar of Jiyva.
 19653 | Lair:5   | Found a staircase to the Slime Pits.
 20500 | Lair:5   | Reached XP level 16. HP: 125/125 MP: 21/21
 20574 | Lair:6   | Entered Level 6 of the Lair of Beasts
 20750 | Lair:6   | Received a gift from Trog
 21203 | Lair:6   | HP: 31/125 [seven-headed hydra (6)]
 22601 | Orc:1    | Entered Level 1 of the Orcish Mines
 22795 | Orc:2    | Entered Level 2 of the Orcish Mines
 22908 | Orc:2    | Found a roughly hewn altar of Beogh.
 23911 | Orc:2    | Found Iceingan's Gadget Shoppe.
 23960 | Orc:2    | Received a gift from Trog
 24093 | Orc:2    | Found Ethe's Jewellery Boutique.
 24093 | Orc:2    | Found Rybiewku's General Store.
 24095 | Orc:2    | Found Gabac's Distillery.
 24097 | Orc:2    | Found Ihat's Book Shop.
 24102 | Orc:2    | Bought a +2 pair of boots for 214 gold pieces
 24121 | Orc:2    | Bought a potion of curing for 42 gold pieces
 24121 | Orc:2    | Bought a potion of curing for 42 gold pieces
 24121 | Orc:2    | Bought a potion of agility for 56 gold pieces
 24124 | Orc:2    | Bought the ring of Reimbursement {+Blink +Fly rPois rN+ Int+4} for 821 gold pieces
 24142 | Orc:2    | Found a staircase to the Elven Halls.
 24703 | D:15     | Entered Level 15 of the Dungeon
 24903 | D:15     | Noticed Azrael
 24943 | D:15     | Killed Azrael
 25012 | D:15     | Reached skill level 13 in Long Blades
 25137 | D:15     | HP: 14/125 [wolf spider simulacrum[a boggart] (22)]
 25138 | D:15     | HP: 1/125 [wolf spider simulacrum[a boggart] (19)]
 25661 | D:15     | Noticed Roxanne
 25670 | D:15     | Found a stormy altar of Qazlal.
 25775 | D:15     | Found a staircase to the Depths.
 25787 | D:15     | Reached XP level 17. HP: 131/131 MP: 22/22
 26136 | Snake:1  | Entered Level 1 of the Snake Pit
 26344 | Snake:1  | HP: 27/131 [shock serpent/electric aura (7)]
 26344 | Snake:1  | HP: 9/131 [shock serpent/bolt of electricity (18)]
 26515 | Snake:1  | Found Igofegh's Weapon Shop.
 27299 | Elf:1    | Entered Level 1 of the Elven Halls
 27388 | Elf:1    | Found a magical portal.
 27397 | WizLab   | Entered Cigotuvi's Fleshworks
 27732 | WizLab   | Noticed Cigotuvi's Monster
 28019 | WizLab   | Paralysed by a floating eye for 4 turns
 28035 | WizLab   | Reached skill level 12 in Fighting
 28710 | D:11     | Bought a +4 ring mail of cold resistance for 527 gold pieces
 28975 | Orc:2    | Gained mutation: Your system is resistant to poisons. (rPois) [potion of mutation]
 28975 | Orc:2    | Gained mutation: You are dopey. (Int -2) [potion of mutation]
 28975 | Orc:2    | Gained mutation: You evolve. [potion of mutation]
 28976 | Orc:2    | Lost mutation: You are dopey. (Int -2) [potion of mutation]
 28976 | Orc:2    | Lost mutation: Your system is resistant to poisons. (rPois) [potion of mutation]
 28976 | Orc:2    | Lost mutation: You evolve. [potion of mutation]
 28976 | Orc:2    | Gained mutation: You evolve. [potion of mutation]
 28976 | Orc:2    | Gained mutation: You rapidly evolve. [potion of mutation]
 28976 | Orc:2    | Gained mutation: You possess an exceptional clarity of mind. [potion of mutation]
 29152 | Elf:1    | Reached skill level 8 in Stealth
 29152 | Elf:1    | Reached skill level 8 in Evocations
 29172 | Elf:1    | Noticed a Tzitzimitl
 29192 | Elf:1    | Identified the Tome of the Entourage
 29636 | Elf:1    | Found Lirpheyga's Book Emporium.
 29842 | Elf:2    | Received a gift from Trog
 30174 | Elf:2    | Found Vaddonoc's Armour Shoppe.
 30212 | Elf:2    | Reached skill level 9 in Stealth
 30242 | Elf:1    | Reached skill level 9 in Evocations
 30283 | Orc:2    | Bought a wand of digging (11/24) for 480 gold pieces
 30481 | Elf:2    | Found a runed gate.
 30481 | Elf:2    | Found a runed gate.
 30481 | Elf:2    | Found a runed gate.
 30520 | Elf:2    | Noticed Agnes
 30721 | Elf:2    | Reached XP level 18. HP: 140/140 MP: 24/24
 30786 | Elf:2    | Noticed Louise
 30792 | Elf:2    | Noticed a deep elf blademaster
 30809 | Elf:2    | Killed Louise
 30827 | Elf:2    | Killed a deep elf blademaster
 31373 | Elf:3    | Entered Level 3 of the Elven Halls
 31515 | Elf:3    | Reached skill level 10 in Stealth
 31998 | Elf:3    | Reached skill level 10 in Evocations
 32114 | Elf:3    | Reached skill level 1 in Short Blades
 32550 | Elf:3    | Noticed a Brimstone Fiend
 32550 | Elf:3    | Reached skill level 3 in Short Blades
 32589 | Elf:3    | Reached skill level 4 in Short Blades
 32592 | Elf:3    | Reached skill level 5 in Short Blades
 32686 | Elf:3    | Noticed a deep elf blademaster
 32714 | Elf:3    | Killed a deep elf blademaster
 32814 | Elf:3    | Noticed a deep elf blademaster
 32845 | Elf:3    | Noticed a deep elf master archer
 32862 | Elf:3    | HP: 29/140 [deep elf sorcerer/bolt of acid (11)]
 32862 | Elf:3    | Shot with an arrow by a deep elf master archer

Vault maps used:
D:1:      dpeg_arrival_leaves_temple_mockup
D:2:      first_bread
D:3:      minmay_misc_feat_roman, serial_park_tiny_pond, uniq_grinder
D:4:      serial_curves, eino_curves_04, eino_curves_02, eino_curves_01,
          serial_shops, shop, uniq_pikel
D:5:      st_stairs_11, uniq_menkaure, uniq_blork_the_orc
D:6:      minmay_temple_entry_butterflies, serial_shops, shop
D:7:      nicolae_gozag_zags_fifth_avenue, serial_shops, shop
D:10:     lair_entry_dummy, serial_ice, serial_ice_k, serial_ice_h,
          serial_ice_e, serial_ice_f, serial_ice_g, uniq_erolcha, uniq_joseph,
          uniq_erica
D:11:     orc_david_3, uniq_sonja, uniq_snorg, uniq_gastronok
D:12:     mludivico_vault, uniq_nessos, uniq_josephine
D:13:     serial_shops, nicolae_shop_statue_plus, lab_entry_generic
D:14:     erik_vaults_1, serial_shops, nicolae_shop_statue_plus,
          hangedman_abyss_or_decor_passed
D:15:     grunt_enter_depths_magical_seal, serial_bayou_pond_b,
          grunt_qazlal_clouds, uniq_roxanne, uniq_azrael
Lair:1:   serial_bayou_shore_b, uniq_fannar
Lair:2:   minmay_shoals_entry_centaurs, guppyfry_snake_entry_garden,
          minmay_lair_oklob_items, infiniplex_staircase_pool_2
Lair:3:   minmay_lindwurm_lava
Lair:4:   grunt_megastairs_5
Lair:5:   slime_altar_1, zaba_anthole
Lair:6:   minmay_lair_end_frog_pond, small_statue_intersection,
          lemuel_fruit_tree
Snake:1:  serial_shops, shop
Orc:1:    minmay_orc_temple_a
Orc:2:    st_orc_rangers, serial_shops, shop, mines1_david
Elf:1:    eino_elf_arrival_the_gate, mu_enter_wizlab_4, serial_shops,
          shop_statue, minmay_elf_demonology
Elf:2:    serial_shops, shop, basic_stair_grate_trap, uniq_louise, uniq_agnes
Elf:3:    nooodl_elf_gasket, minivault_5
Lab:      labyrinth_mini_lab
WizLab:   wizlab_cigotuvi

Skill      XL: |  1  2  3  4  5  6  7  8  9 10 11 12 13 14 15 16 17 18 |
---------------+-------------------------------------------------------+-----
Maces & Flails | 5 6 |  6.1
Fighting       | 5 6 7 8 9 11 12 | 12.1
Long Blades    | 2 7 9 10 11 12 13 | 13.0
Armour         | 6 7 9 10 | 10.2
Dodging        | 6 7 9 10 | 10.6
Stealth        | 4 7 9 10 | 10.0
Evocations     | 5 7 9 10 | 10.0
Shields        | 7 10 | 10.2
Short Blades   | 5 |  5.1

Action                   |  1- 3 |  4- 6 |  7- 9 | 10-12 | 13-15 | 16-18 || total
-------------------------+-------+-------+-------+-------+-------+-------++-------
Melee: Mace              |    89 |    10 |       |       |       |       ||    99
       Bite              |     5 |     3 |    21 |    78 |   134 |   260 ||   501
       Falchion          |       |    62 |   149 |   444 |   568 |  1284 ||  2507
Invok: Berserk           |     4 |     2 |     3 |    17 |    11 |     9 ||    46
       Trog's Hand       |       |     2 |     2 |    12 |     4 |    33 ||    53
       Burn Spellbooks   |       |       |       |     1 |     3 |     3 ||     7
       Brothers in Arms  |       |       |       |     1 |     2 |    15 ||    18
Evoke: Lamp of fire      |       |       |       |     1 |       |       ||     1
       Wand              |       |       |       |       |    18 |    25 ||    43
  Use: Scroll            |       |     4 |    11 |     6 |    15 |    16 ||    52
       Potion            |       |       |       |     2 |     3 |     8 ||    13
 Stab: Sleeping          |       |     1 |       |    16 |    15 |    11 ||    43
       Distracted        |       |       |       |     2 |     3 |     7 ||    12
       Paralysed         |       |       |       |       |     7 |     4 ||    11
  Eat: Chunk             |     5 |     5 |    10 |    17 |    19 |    19 ||    75
       Bread ration      |       |       |     1 |     4 |     3 |     5 ||    13
       Fruit             |       |       |     1 |       |     1 |     3 ||     5
       Meat ration       |       |       |       |     1 |     1 |     4 ||     6
       Royal jelly       |       |       |       |       |     1 |     2 ||     3
Armor: Animal skin       |    10 |       |       |       |       |       ||    10
       Scale mail        |       |    18 |    15 |       |       |       ||    33
       Leather armour    |       |       |    14 |    55 |    58 |   104 ||   231
       Ring mail         |       |       |       |       |       |    57 ||    57
Dodge: Dodged            |    68 |    33 |    79 |   181 |   199 |   384 ||   944
Block: Shield            |       |       |       |   153 |   388 |   862 ||  1403
       Rpst.: Falchion   |       |     6 |    19 |    48 |    42 |    90 ||   205

Vault maps used:
D:1:      dpeg_arrival_leaves_temple_mockup
D:2:      first_bread
D:3:      minmay_misc_feat_roman, serial_park_tiny_pond, uniq_grinder
D:4:      serial_curves, eino_curves_04, eino_curves_02, eino_curves_01,
          serial_shops, shop, uniq_pikel
D:5:      st_stairs_11, uniq_menkaure, uniq_blork_the_orc
D:6:      minmay_temple_entry_butterflies, serial_shops, shop
D:7:      nicolae_gozag_zags_fifth_avenue, serial_shops, shop
D:10:     lair_entry_dummy, serial_ice, serial_ice_k, serial_ice_h,
          serial_ice_e, serial_ice_f, serial_ice_g, uniq_erolcha, uniq_joseph,
          uniq_erica
D:11:     orc_david_3, uniq_sonja, uniq_snorg, uniq_gastronok
D:12:     mludivico_vault, uniq_nessos, uniq_josephine
D:13:     serial_shops, nicolae_shop_statue_plus, lab_entry_generic
D:14:     erik_vaults_1, serial_shops, nicolae_shop_statue_plus,
          hangedman_abyss_or_decor_passed
D:15:     grunt_enter_depths_magical_seal, serial_bayou_pond_b,
          grunt_qazlal_clouds, uniq_roxanne, uniq_azrael
Lair:1:   serial_bayou_shore_b, uniq_fannar
Lair:2:   minmay_shoals_entry_centaurs, guppyfry_snake_entry_garden,
          minmay_lair_oklob_items, infiniplex_staircase_pool_2
Lair:3:   minmay_lindwurm_lava
Lair:4:   grunt_megastairs_5
Lair:5:   slime_altar_1, zaba_anthole
Lair:6:   minmay_lair_end_frog_pond, small_statue_intersection,
          lemuel_fruit_tree
Snake:1:  serial_shops, shop
Orc:1:    minmay_orc_temple_a
Orc:2:    st_orc_rangers, serial_shops, shop, mines1_david
Elf:1:    eino_elf_arrival_the_gate, mu_enter_wizlab_4, serial_shops,
          shop_statue, minmay_elf_demonology
Elf:2:    serial_shops, shop, basic_stair_grate_trap, uniq_louise, uniq_agnes
Elf:3:    nooodl_elf_gasket, minivault_5
Lab:      labyrinth_mini_lab
WizLab:   wizlab_cigotuvi

Table legend:
 A = Turns spent in this place as a percentage of turns spent in the entire game.
 B = Non-inter-level travel turns spent in this place as a percentage of non-inter-level travel turns spent in the entire game.
 C = Inter-level travel turns spent in this place as a percentage of turns spent in this place.
 D = Turns resting spent in this place as a percentage of non-inter-level travel turns spent in this place.
 E = Turns spent auto-exploring this place as a percentage of non-inter-level travel turns spent in this place.
 F = Non-inter-level travel turns spent in this place divided by the number of levels of this place that you've seen.
                   A       B       C       D       E      F
               +-------+-------+-------+-------+-------+----------------------
         Total | 100.0 | 100.0 |   0.6 |   5.7 |   7.2 | 389.9
       Dungeon |  42.7 |  42.7 |   0.6 |   6.6 |  10.2 | 321.8
          Lair |  21.1 |  21.1 |   0.6 |   7.5 |   5.4 | 397.5
     Snake Pit |   3.7 |   3.7 |   0.5 |   7.4 |   5.5 | 417.0
  Orcish Mines |   7.6 |   7.5 |   0.8 |   5.4 |   9.3 | 426.5
   Elven Halls |  15.2 |  15.2 |   0.5 |   1.9 |   4.8 | 572.0
     Labyrinth |   2.4 |   2.4 |   0.0 |   0.7 |   0.0 | 270.0
        Wizlab |   7.4 |   7.4 |   0.0 |   4.5 |   0.4 | 839.0
               +-------+-------+-------+-------+-------+----------------------

Table legend:
 A = Kills in this place as a percentage of kills in entire the game.
 B = Kills by you in this place as a percentage of kills by you in the entire game.
 C = Kills by friends in this place as a percentage of kills by friends in the entire game.
 D = Other kills in this place as a percentage of other kills in the entire game.
 E = Experience gained in this place as a percentage of experience gained in the entire game.
 F = Experience gained in this place divided by the number of levels of this place that you have seen.
                   A       B       C       D       E      F
               +-------+-------+-------+-------+-------+----------------------
         Total | 100.0 | 100.0 | 100.0 | 100.0 | 100.0 | 8444.0
       Dungeon |  45.6 |  47.9 |   0.0 |  48.8 |  31.2 | 5093.6
          Lair |  23.4 |  21.3 |  65.2 |  21.2 |  22.4 | 9134.7
     Snake Pit |   2.3 |   2.2 |   0.0 |   5.0 |   4.2 | 10361.0
  Orcish Mines |  12.5 |  13.1 |  15.2 |   5.0 |   5.3 | 6539.5
   Elven Halls |  11.0 |  11.3 |   4.3 |  12.5 |  30.2 | 24675.0
     Labyrinth |   0.1 |   0.0 |   2.2 |   0.0 |   0.2 | 533.0
        Wizlab |   4.9 |   4.2 |  13.0 |   7.5 |   6.4 | 15667.0
               +-------+-------+-------+-------+-------+----------------------
